 Dungeon Crawl Stone Soup version 0.28-a0-1374-ga75cb3825e (webtiles) character file.

Game seed: 4784476870107797365

290 Crownlay the Magician (level 6, -2/32 HPs)
             Began as a Gargoyle Earth Elementalist on Dec 31, 2021.
             Slain by a kobold (4 damage)
             ... on level 2 of the Dungeon.
             The game lasted 00:05:19 (2305 turns).

Crownlay the Magician (Gargoyle Earth Elementalist) Turns: 2305, Time: 00:05:19

Health: -2/32      AC:  7    Str: 12    XL:     6   Next: 32%
Magic:  14/15      EV: 11    Int: 17    God:
Gold:   135        SH:  0    Dex: 10    Spells: 16/17 levels left

rFire   . . .      SeeInvis .   k - +0 spear
rCold   . . .      Faith    .   c - orb {light}
rNeg    + . .      Spirit   .   b - +0 robe
rPois   ∞          Reflect  .   e - +0 helmet
rElec   +          Harm     .   (no cloak)
rCorr   .          Rampage  .   (no gloves)
Will    .....                   (no boots)
Stlth   +.........              (no amulet)
HPRegen 0.10/turn               (no ring)
MPRegen 0.14/turn               (no ring)

@: glowing
A: sickness immunity, AC +4, negative energy resistance 1, electricity
resistance, torment resistance 1, petrification resistance
a: no special abilities


You were on level 2 of the Dungeon.
You visited 1 branch of the dungeon, and saw 3 of its levels.

You collected 135 gold pieces.

Inventory:

Hand Weapons
 k - a +0 spear (weapon)
Armour
 b - a +0 robe (worn)
 c - an orb of light (worn)
 e - a +0 helmet (worn)
Scrolls
 a - 2 scrolls of identify {unknown}
 i - 2 scrolls of magic mapping {unknown}
 j - a scroll of immolation {unknown}
Potions
 d - a potion of heal wounds {unknown}
 f - a potion of mutation {unknown}
 g - a potion of brilliance {unknown}
 h - 3 potions of berserk rage {unknown}


   Skills:
 - Level 1.5 Dodging
 - Level 2.1 Stealth
 * Level 6.0 Spellcasting
 - Level 0.7 Transmutations
 - Level 3.6 Earth Magic


You had 16 spell levels left.
You knew the following spells:

 Your Spells              Type           Power      Damage    Failure   Level
a - Sandblast             Erth           34%        2d9       3%          1

Your spell library contained the following spells:

 Spells                   Type           Power      Damage    Failure   Level
 Passwall                 Tmut/Erth      10%        N/A       8%          2
 Stone Arrow              Conj/Erth      22%        3d8       19%         3
 Petrify                  Tmut/Erth      12%        N/A       45%         4


Dungeon Overview and Level Annotations

Branches:
Dungeon (3/15)

Altars:

Annotations:
D:3 3 runed translucent doors, benappo's ghost, amateur MiFi


Innate Abilities, Weirdness & Mutations

You are immune to sickness and miasma.
Your stone body is resilient. (AC +4)
You are immune to poison.
You resist negative energy. (rN+)
You are resistant to electric shocks. (rElec)
You are resistant to unholy torment.
You are immune to petrification.


Message History

You barely miss the gnoll.
The gnoll is moderately wounded.
The gnoll hits you but does no damage. The kobold hits you with a +0 whip.
The gnoll hits you but does no damage. The gnoll misses you.
You hit the gnoll.
The gnoll is heavily wounded.
The gnoll closely misses you. The kobold hits you but does no damage.
The gnoll hits you with a +0 club.
The gnoll hits you from afar with a +0 spear.
* * * LOW HITPOINT WARNING * * *
You are too injured to fight recklessly!
You are too injured to fight recklessly!
The gnoll hits you but does no damage. The gnoll closely misses you.
You hit the gnoll but do no damage. The gnoll closely misses you.
You barely miss the gnoll.
The gnoll hits you with a +0 whip of electrocution.
* * * LOW HITPOINT WARNING * * *
You barely miss the gnoll.
The gnoll hits you with a +0 whip of electrocution.
* * * LOW HITPOINT WARNING * * *
You hit the gnoll.
The gnoll is almost dead.
The gnoll hits you but does no damage.
You hit the gnoll.
You kill the gnoll!
The kobold closely misses you.
Your Spellcasting skill increases to level 6!
There is a stone staircase leading up here.
The kobold hits you but does no damage.
You climb upwards.
There is a stone staircase leading down here.
You barely miss the kobold. The kobold hits you with a +0 whip.
* * * LOW HITPOINT WARNING * * *
You hit the kobold.
The kobold is heavily wounded.
The kobold barely misses you.
You barely miss the kobold.
The kobold is heavily wounded.
The kobold hits you with a +0 whip.
You die...

..........###.##.##########.# #.
........).................#.# #.
.............#.#.########.#.# #.
............<....# #.#.####.
.............#...# #.#.....)
...###'#.....#...########.######.
#### #.#.....#...................
#.#.....###K########.#######
#.#........@# #.#
######.#.....######### #.#
.......#.............# #.#
########.............# #.#
##...................####.#
#.........................#
#........####.....)..######
.........# #........# ...).....#
#........#


You could see a kobold.

Vanquished Creatures
  Sigmund (D:2)
  Natasha (D:2)
  4 gnolls (D:3)
  2 adders (D:3)
  3 dart slugs
  An orc (D:3)
  3 ball pythons
  2 endoplasms (D:1)
  A giant cockroach (D:1)
  3 goblins
  4 hobgoblins
  3 jackals (D:1)
  3 kobolds
  A quokka (D:3)
  4 bats
  3 frilled lizards
  A rat (D:1)
40 creatures vanquished.

Notes
Turn   | Place    | Note
-------+----------+-------------------------------------------
     0 | D:1      | Crownlay the Gargoyle Earth Elementalist began the quest
                  | for the Orb.
     0 | D:1      | Reached XP level 1. HP: 10/10 MP: 3/3
    59 | D:1      | Reached XP level 2. HP: 11/15 MP: 0/5
   385 | D:1      | Reached skill level 3 in Spellcasting
   559 | D:1      | Found a faded altar of an unknown god.
  1070 | D:2      | Reached XP level 3. HP: 19/19 MP: 5/7
  1182 | D:2      | Noticed Sigmund
  1195 | D:2      | Killed Sigmund
  1196 | D:2      | Reached skill level 5 in Spellcasting
  1196 | D:2      | Reached XP level 4. HP: 13/24 MP: 0/11
  1196 | D:2      | Reached XP level 5. HP: 15/28 MP: 0/12
  1651 | D:2      | Noticed Natasha
  1655 | D:2      | Killed Natasha
  1952 | D:3      | Reached XP level 6. HP: 31/32 MP: 10/14
  2010 | D:3      | Found a runed translucent gate.
  2010 | D:3      | Found a runed translucent gate.
  2010 | D:3      | Found a runed translucent gate.
  2103 | D:3      | Noticed benappo's ghost (amateur MiFi)
  2300 | D:3      | Reached skill level 6 in Spellcasting
  2305 | D:2      | Slain by a kobold

Illustrated notes

Levels and vault maps discovered:
D:1:      tarquinn_simple_flora_water_b, layout_rooms,
          ebering_ecumenical_altar_webs
D:2:      layout_basic, uniq_sigmund, uniq_natasha
D:3:      layout_basic, ebering_ghost_rock_garden

Skill      XL: |  1  2  3  4  5  6 |
---------------+-------------------+-----
Spellcasting   | 3 5 6 |  6.0
Dodging        | |  1.5
Stealth        | |  2.1
Transmutations | |  0.7
Earth Magic    | |  3.6

Action                   |  1- 3 |  4- 6 || total
-------------------------+-------+-------++-------
Melee: Unarmed           |    77 |       ||    77
       Club              |       |     3 ||     3
       Spear             |       |    33 ||    33
 Cast: Sandblast         |    31 |    15 ||    46
Armor: Robe              |    41 |    18 ||    59
Dodge: Dodged            |    69 |    21 ||    90

Table legend: (Time is in decaauts)
 A = Elapsed time spent in this place.
 B = Non-inter-level travel time spent in this place.
 C = Inter-level travel time spent in this place.
 D = Time resting spent in this place.
 E = Time spent auto-exploring this place.
 F = Levels seen in this place.
 G = Mean time per level.
                   A        B        C        D        E       F      G
               +--------+--------+--------+--------+--------+-----+--------+
         Total |   2308 |   2247 |     61 |      0 |   1931 |   3 |  769.3 |
       Dungeon |   2308 |   2247 |     61 |      0 |   1931 |   3 |  769.3 |
               +--------+--------+--------+--------+--------+-----+--------+

Top non-repeatable levels by time:
     D:2: 1070 daAuts
     D:1: 870 daAuts
     D:3: 366 daAuts
